 Dungeon Crawl Stone Soup version 0.30-a0-279-g4b46babb21 (webtiles) character file.

Game seed: 18177190241871756095

242 Sobieck the Digger (level 6, -20/45 HPs)
             Began as a Ghoul Earth Elementalist on Oct 16, 2022.
             Demolished by an ogre
             ... wielding a +0 giant spiked club
              (23 damage)
             ... on level 5 of the Dungeon.
             The game lasted 00:06:37 (2551 turns).

Sobieck the Digger (Ghoul Earth Elementalist)       Turns: 2551, Time: 00:06:38

Health: -20/45     AC:  6    Str: 12    XL:     6   Next: 9%
Magic:  5/7        EV: 12    Int: 12    God:
Gold:   246        SH:  0    Dex:  9    Spells: 2/8 levels left

rFire   . . .      SeeInvis .    e - +0 sling
rCold   + . .      Faith    .    (no shield)
rNeg    + + +      Spirit   .    b - +2 robe "Guaj" {Regen+}
rPois   ∞          Reflect  .    (no helmet)
rElec   .          Harm     .    (no cloak)
rCorr   .          Rampage  .    p - +1 pair of gloves
Will    .....                    (no boots)
Stlth   ++........               s - amulet of magic regeneration {@e2}
HPRegen 0.00/turn                (no ring)
MPRegen 0.50/turn                (no ring)

@: brilliant, inhibited regen
A: claws 1, cold resistance 1, negative energy resistance 3, inhibited
regeneration, torment resistance 2, devour on kill
a: no special abilities


You were on level 5 of the Dungeon.
You visited 1 branch of the dungeon, and saw 5 of its levels.

You collected 246 gold pieces.


Innate Abilities, Weirdness & Mutations

You are immune to poison.
You have sharp fingernails.
Your flesh is cold resistant. (rC+)
You are immune to negative energy. (rN+++)
You do not regenerate when monsters are visible.
You are immune to unholy pain and torment.
You thrive by killing the living.


   Skills:
 - Level 1.7 Dodging
 - Level 2.1 Stealth
 - Level 1.7 Spellcasting
 - Level 0.8 Transmutations
 + Level 7.3 Earth Magic


You had 2 spell levels left.
You knew the following spells:

 Your Spells              Type           Power      Damage    Failure   Level
a - Sandblast             Erth           54%        2d13      1%          1
b - Passwall              Tmut/Erth      13%        N/A       8%          2
c - Stone Arrow           Conj/Erth      28%        3d8       19%         3

Your spell library contained the following spells:

 Spells                   Type           Power      Damage    Failure   Level
 Freeze                   Ice            4%         1d3       28%         1
 Kiss of Death            Conj/Necr      4%         2d5       28%         1
 Necrotise                Necr           4%         1d4       28%         1
 Ensorcelled Hibernation  Hex/Ice        2%         N/A       38%         2
 Petrify                  Tmut/Erth      16%        N/A       45%         4
 Confusing Touch          Hex            1%         N/A       63%         3
 Frozen Ramparts          Ice            2%         1d1       63%         3
 Hailstorm                Conj/Ice       1%         3d3       63%         3
 Portal Projectile        Hex/Tloc       2%         N/A       63%         3
 Vampiric Draining        Necr           1%         2d6       63%         3
 Dispel Undead            Necr           1%         3d6       95%         4
 Agony                    Necr           1%         N/A       100%        5
 Enfeeble                 Hex            0%         N/A       100%        7

Inventory:

Hand Weapons
 e - a +0 sling (weapon)
   (You found it on level 1 of the Dungeon)
 i - a +1 dagger of draining {short}
   (You found it on level 1 of the Dungeon)
 j - a +2 dagger of venom {short}
   (You found it on level 1 of the Dungeon)
 o - a +0 dagger of speed {short}
   (You took it off a goblin on level 2 of the Dungeon)
Missiles
 g - 44 stones {throwing}
 v - 3 boomerangs {throwing}
 z - 9 poisoned darts {throwing}
Armour
 a - a +0 robe
 b - the +2 robe "Guaj" (worn) {Regen+}
   (You took it off a hobgoblin on level 2 of the Dungeon)

   Regen:     It increases your rate of health regeneration.
 h - a +0 leather armour
   (You found it on level 1 of the Dungeon)
 m - a +0 robe
   (You took it off Jessica on level 2 of the Dungeon)
 p - a +1 pair of gloves (worn)
   (You found it on level 2 of the Dungeon)
 t - a +0 leather armour
   (You took it off an orc on level 3 of the Dungeon)
 u - a +0 ring mail
   (You took it off an orc on level 3 of the Dungeon)
 w - a +0 leather armour
   (You took it off an orc on level 3 of the Dungeon)
 x - a +0 leather armour
   (You took it off a goblin on level 3 of the Dungeon)
 C - a +0 ring mail
   (You found it on level 3 of the Dungeon)
 E - a +0 leather armour
   (You took it off an orc on level 4 of the Dungeon)
 F - a +0 leather armour
   (You took it off an orc on level 4 of the Dungeon)
 J - a +0 ring mail
   (You found it on level 4 of the Dungeon)
Magical Staves
 D - a staff of air {!astaff}
   (You found it on level 3 of the Dungeon)
Jewellery
 s - an amulet of magic regeneration (around neck) {@e2}
   (You found it on level 2 of the Dungeon)
Scrolls
 d - a scroll of identify {@r1}
 f - 3 scrolls of teleportation {@r4}
 q - a scroll of noise {!r}
 y - a scroll of summoning {unknown}
 G - a scroll of poison {unknown}
 H - a scroll of torment {unknown}
 I - a scroll of vulnerability {unknown}
Potions
 c - a potion of heal wounds {unknown}
 k - 2 potions of brilliance
 l - 3 potions of curing {@q1}
 n - a potion of flight {unknown}
 A - 3 potions of lignification
 B - a potion of haste {unknown}

Dungeon Overview and Level Annotations

Branches:
Dungeon (5/15) Zot: 26984
 Temple: D:4-7

Altars:
Cheibriados
Wu Jian
Xom

Annotations:
D:2 Sigmund

....#....###..
.............##
...............
...............
.............
##...........
.##$...........
......O@.......
...............
..$...!........
...............
...............
...............
...............
.##.......#....


You could see an ogre.


Message History

There is an open gate here.
You now have 241 gold pieces (gained 10).
There is an open gate here.
There is an open gate here.
J - a +0 ring mail
Found a stone staircase leading up.
Unknown command.
A goblin comes into view. It is wielding a +0 dagger.
Danger!
You shoot a sling bullet.
The sling bullet hits the goblin but does no damage.
The goblin shouts!
You can't see any susceptible monsters within range! (Use Z to cast anyway.)
You shoot a sling bullet. The sling bullet hits the goblin.
You kill the goblin!
Unknown command.
There is a stone staircase leading up here.
There is a stone staircase leading up here.
Things that are here:
a +0 dagger {short}; a goblin corpse
There is a stone staircase leading up here.
You see here a +0 spear {polearm}.
Found a stone staircase leading down.
Unknown command.
You now have 246 gold pieces (gained 5).
Found a stone staircase leading down.
Unknown command.
k - 3 emerald potions (gained 1)
Found an ornate altar of the Wu Jian Council.
Unknown command.
You see here a +0 whip {mace}.
Done exploring.
Unknown command.
(D) Dungeon
Where to? (Enter - D:3 @ (x,y), ? - help)
You see here a +0 whip {mace}.
There is a stone staircase leading down here.
You climb downwards.
There is a stone staircase leading up here.
A hound is nearby!
Unknown command.
Unknown command.
Unknown command.
Danger!
Unknown command.
You shoot a sling bullet. The sling bullet hits the hound.
The hound barks!
The blast of sand hits the hound!
The blast of sand misses the hound.
The hound stops to sniff the ground.
The hound bites you but does no damage.
An ogre comes into view. It is wielding a +0 giant spiked club.
The hound misses you.
Unknown command.
The blast of sand hits the hound!
You kill the hound!
The ogre shouts!
You have reached level 6!
Unknown command.
Unknown command.
The blast of sand hits the ogre!
Unknown command.
The blast of sand misses the ogre.
The ogre hits you with a +0 giant spiked club!!
Ouch! That really hurt!
* * * LOW HITPOINT WARNING * * *
Unknown command.
You are too injured to fight recklessly!
Unknown command.
Casting: Sandblast (safe; 1% risk of failure)
Confirm with . or Enter, or press ? or * to list all spells.
Aiming: Sandblast (safe; 1% risk of failure)
Press: ? - help, Shift-Dir - straight line, f/p - ogre
Aim: an ogre, wielding a +0 giant spiked club (moderately wounded, 91% to hit)
The blast of sand hits the ogre.
The ogre hits you with a +0 giant spiked club!
* * * LOW HITPOINT WARNING * * *
Casting: Sandblast (safe; 1% risk of failure)
Confirm with . or Enter, or press ? or * to list all spells.
Aiming: Sandblast (safe; 1% risk of failure)
Press: ? - help, Shift-Dir - straight line, f/p - ogre
Aim: an ogre, wielding a +0 giant spiked club (moderately wounded, 91% to hit)
The blast of sand misses the ogre.
The ogre completely misses you.
Unknown command.
As you read the scroll labelled ASCHUP LUG RIDUO, it crumbles to dust.
You hear a loud clanging noise!
It was a scroll of noise.
You hear a shout! x3; You hear an angry hiss.
You hear a shout! x3
You hear a bark! x2
The ogre closely misses you.
Unknown command.
As you read the scroll labelled ICZIDY JOJENA, it crumbles to dust.
It is a scroll of enchant armour.
Your +0 pair of gloves glows green for a moment.
Unknown command.
It was a potion of brilliance.
You feel clever all of a sudden.
The ogre hits you with a +0 giant spiked club!!
Ouch! That really hurt!
You die...

Skill      XL: |  1  2  3  4  5 |
---------------+----------------+-----
Earth Magic    | 5 6 7 |  7.3
Dodging        | |  1.7
Stealth        | |  2.1
Spellcasting   | |  1.7
Transmutations | |  0.8

Action                   |  1- 3 |  4- 6 || total
-------------------------+-------+-------++-------
 Fire: Sling             |    32 |    31 ||    63
Throw: Dart              |       |     2 ||     2
 Cast: Sandblast         |    24 |    78 ||   102
       Stone Arrow       |       |     1 ||     1
  Use: Potion            |     1 |     1 ||     2
       Scroll            |       |     5 ||     5
Armor: Robe              |     4 |    17 ||    21
Dodge: Dodged            |    15 |    33 ||    48

Levels and vault maps discovered:
D:1:      tarquinn_simple_flora_water_e, layout_basic, grunt_decor_fettered,
          chequers_serial_rivers_micro_e
D:2:      layout_basic, ebering_ecumenical_altar_petrified,
          minmay_misc_feat_four_crosses, uniq_jessica, uniq_sigmund
D:3:      layout_rooms
D:4:      layout_rooms, pdpol_wu_jian_five_deadly_venoms,
          mainiacjoe_overflow_big_doors
D:5:      layout_cave_pools, mainiacjoe_overflow_cross_hatched,
          lemuel_doored_altar, amethyst_overflow_temple_binary,
          gammafunk_ghost_cemetery

Notes
Turn   | Place    | Note
-------+----------+-------------------------------------------
     0 | D:1      | Sobieck the Ghoul Earth Elementalist began the quest for
                  | the Orb.
     0 | D:1      | Reached XP level 1. HP: 14/14 MP: 2/2
   445 | D:1      | Reached XP level 2. HP: 20/20 MP: 1/3
   650 | D:1      | Learned a level 2 spell: Passwall
   677 | D:2      | Reached skill level 4 in Earth Magic
   962 | D:2      | Noticed Jessica
   967 | D:2      | Killed Jessica
   968 | D:2      | Reached skill level 5 in Earth Magic
   968 | D:2      | Reached XP level 3. HP: 26/26 MP: 0/4
  1044 | D:2      | You pick up a book of Frost and begin reading...
  1044 | D:2      | You add the spells Freeze, Frozen Ramparts and Hailstorm to
                  | your library.
  1077 | D:2      | Identified the +2 robe "Guaj" {Regen+}
  1101 | D:2      | Reached XP level 4. HP: 21/33 MP: 3/5
  1277 | D:2      | Noticed Sigmund
  1308 | D:3      | Learned a level 3 spell: Stone Arrow
  1519 | D:3      | You pick up a book of Touch and begin reading...
  1519 | D:3      | You add the spells Kiss of Death, Confusing Touch and
                  | Dispel Undead to your library.
  1576 | D:3      | Reached skill level 6 in Earth Magic
  1610 | D:3      | Reached XP level 5. HP: 38/38 MP: 4/6
  1845 | D:4      | You add the spells Ensorcelled Hibernation, Portal
                  | Projectile and Enfeeble to your library.
  1845 | D:4      | Got Sif Muna's Directory of Hexes and Bedrock
  1966 | D:4      | You pick up a book of Necromancy and begin reading...
  1966 | D:4      | You add the spells Necrotise, Vampiric Draining and Agony
                  | to your library.
  2116 | D:4      | Noticed a kobold brigand
  2133 | D:4      | HP: 7/38 [kobold brigand/+0 whip (5)]
  2191 | D:4      | Killed a kobold brigand
  2192 | D:4      | Reached skill level 7 in Earth Magic
  2260 | D:4      | Found a snail-covered altar of Cheibriados.
  2265 | D:4      | Found a shimmering altar of Xom.
  2438 | D:4      | Found an ornate altar of the Wu Jian Council.
  2540 | D:5      | Entered Level 5 of the Dungeon
  2543 | D:5      | Noticed an ogre
  2545 | D:5      | Reached XP level 6. HP: 45/45 MP: 5/7
  2547 | D:5      | HP: 3/45 [ogre/+0 giant spiked club (17)]
  2551 | D:5      | Demolished by an ogre

Vanquished Creatures
  A kobold brigand (D:4)
  A hound (D:5)
  Jessica (D:2)
  5 adders
  A worm (D:2)
  A dart slug (D:2)
  7 orcs
  5 bats
  3 endoplasms
  A giant cockroach (D:3)
  7 goblins
  8 hobgoblins
  2 jackals (D:3)
  2 quokkas (D:2)
  5 ball pythons
  A frilled lizard (D:3)
  4 kobolds
  2 rats
57 creatures vanquished.

Vanquished Creatures (others)
  3 withered plants (D:2)
3 creatures vanquished.

Grand Total: 60 creatures vanquished

Table legend:
 A = Non-vault XP
 B = Vault XP
 C = Vault XP percentage of total XP
 D = Non-vault monster count
 E = Vault monster count
 F = Vault count percentage of total count
                 A         B        C        D         E       F
            +---------+---------+-------+---------+---------+-------
      Total |     309 |      37 |  10.7 |      56 |       1 |   1.8
            +---------+---------+-------+---------+---------+-------
        D:1 |      10 |       0 |   0.0 |       5 |       0 |   0.0
        D:2 |      39 |      37 |  48.7 |      14 |       1 |   6.7
        D:3 |      95 |       0 |   0.0 |      25 |       0 |   0.0
        D:4 |     123 |       0 |   0.0 |      11 |       0 |   0.0
        D:5 |      42 |       0 |   0.0 |       1 |       0 |   0.0
            +---------+---------+-------+---------+---------+-------

Illustrated notes

Table legend:
 A = Kills in this place as a percentage of kills in entire the game.
 B = Kills by you in this place as a percentage of kills by you in the entire game.
 C = Kills by friends in this place as a percentage of kills by friends in the entire game.
 D = Other kills in this place as a percentage of other kills in the entire game.
 E = Experience gained in this place as a percentage of experience gained in the entire game.
 F = Experience gained in this place divided by the number of levels of this place that you have seen.
                   A       B       C       D       E      F
               +-------+-------+-------+-------+-------+----------------------
         Total | 100.0 | 100.0 |   N/A |   N/A | 100.0 |  69.2
       Dungeon | 100.0 | 100.0 |   N/A |   N/A | 100.0 |  69.2
               +-------+-------+-------+-------+-------+----------------------

Table legend: (Time is in decaauts)
 A = Elapsed time spent in this place.
 B = Non-inter-level travel time spent in this place.
 C = Inter-level travel time spent in this place.
 D = Time resting spent in this place.
 E = Time spent auto-exploring this place.
 F = Levels seen in this place.
 G = Mean time per level.
                   A        B        C        D        E       F      G
               +--------+--------+--------+--------+--------+-----+--------+
         Total |   2625 |   2545 |     80 |    106 |   1981 |   5 |  525.0 |
       Dungeon |   2625 |   2545 |     80 |    106 |   1981 |   5 |  525.0 |
               +--------+--------+--------+--------+--------+-----+--------+

Top non-repeatable levels by time:
     D:4: 808 daAuts
     D:1: 678 daAuts
     D:2: 643 daAuts
     D:3: 481 daAuts
     D:5: 14 daAuts
